 Dungeon Sprint DCSS version 0.29.1-14-g9c671dbff4 (webtiles) character file.

Game seed: 9242241536285739204

25 Groucho the Ducker (level 2, -1/13 HPs)
             Began as a Spriggan Earth Elementalist on Feb 12, 2023.
             Slain by a water elemental (14 damage)
             ... in the Dungeon (Sprint III: "The Ten Rune Challenge").
             The game lasted 00:03:54 (675 turns).

Groucho the Ducker (Spriggan Earth Elementalist)     Turns: 675, Time: 00:03:54

Health: -1/13      AC:  2    Str:  4    XL:     2   Next: 86%
Magic:  4/8        EV: 18    Int: 16    God:
Gold:   34         SH:  0    Dex: 15    Spells: 8/9 levels left

rFire   . . .      SeeInvis +   (weapon restricted)
rCold   . . .      Faith    .   (no shield)
rNeg    . . .      Spirit   .   a - +0 robe
rPois   .          Reflect  .   (helmet restricted)
rElec   .          Harm     .   (no cloak)
rCorr   .          Rampage  .   (gloves unavailable)
Will    .....      NoTele   +   (boots unavailable)
Stlth   ++........              (no amulet)
HPRegen 0.04/turn               (no ring)
MPRegen 0.11/turn               (no ring)

@: very quick
A: very small, no large weapons, unfitting armour, see invisible, speed 3
a: no special abilities


You were in the Dungeon.
You visited 1 branch You collected 34 gold pieces.

Inventory:

Armour
 a - a +0 robe (worn)
Scrolls
 g - 2 scrolls of blinking
 i - a scroll of torment {unknown}
 j - 2 scrolls of identify
 k - a scroll of immolation {unknown}
 l - a scroll of butterflies {unknown}
Potions
 b - 3 potions of magic
 c - a potion of curing
 d - a potion of heal wounds
 e - a potion of haste
 f - 3 potions of berserk rage
 h - 6 potions of mutation {unknown}
 m - a potion of flight {unknown}


   Skills:
 + Level 4.6 Dodging
 - Level 3.0 Stealth
 + Level 4.3 Spellcasting
 - Level 1.3 Transmutations
 * Level 4.6 Earth Magic


You had 8 spell levels left.
You knew the following spells:

 Your Spells              Type           Power      Damage    Failure   Level
a - Sandblast             Erth           36%        2d10      2%          1

Your spell library contained the following spells:

 Spells                   Type           Power      Damage    Failure   Level
 Passwall                 Tmut/Erth      10%        N/A       8%          2
 Stone Arrow              Conj/Erth      20%        3d8       19%         3
 Petrify                  Tmut/Erth      13%        N/A       43%         4


Dungeon Overview and Level Annotations

Branches:
Dungeon (1/1)

Altars:


Innate Abilities, Weirdness & Mutations

You are very small and have problems with some larger weapons.
You are too small for most types of armour.
You have supernaturally acute eyesight. (SInv)
You cover ground extremely quickly. (Speed+++)


Message History

Aim: a water elemental (lightly damaged, 89% to hit)
The blast of sand hits the water elemental.
The water elemental is moderately damaged.
Casting: Sandblast (safe; 2% risk of failure)
Confirm with . or Enter, or press ? or * to list all spells.
You can't see any susceptible monsters within range! (Use Z to cast anyway.) Unknown command.
Casting: Sandblast (safe; 2% risk of failure)
Confirm with . or Enter, or press ? or * to list all spells.
Aiming: Sandblast (safe; 2% risk of failure)
Press: ? - help, Shift-Dir - straight line, f/p - water elemental
Aim: a water elemental (moderately damaged, 89% to hit)
The blast of sand hits the water elemental.
The water elemental is moderately damaged.
Casting: Sandblast (safe; 2% risk of failure)
Confirm with . or Enter, or press ? or * to list all spells.
Aiming: Sandblast (safe; 2% risk of failure)
Press: ? - help, Shift-Dir - straight line, f/p - water elemental
Aim: a water elemental (moderately damaged, 89% to hit)
The blast of sand hits the water elemental!
The water elemental is almost destroyed.
There is an open door here.
You see here a human skeleton.
Casting: Sandblast (safe; 2% risk of failure)
Confirm with . or Enter, or press ? or * to list all spells.
Aiming: Sandblast (safe; 2% risk of failure)
Press: ? - help, Shift-Dir - straight line, f/p - water elemental
Aim: a water elemental (almost destroyed, 89% to hit)
The blast of sand hits the water elemental but does no damage.
The water elemental is almost destroyed.
Casting: Sandblast (safe; 2% risk of failure)
Confirm with . or Enter, or press ? or * to list all spells.
Aiming: Sandblast (safe; 2% risk of failure)
Press: ? - help, Shift-Dir - straight line, f/p - water elemental
Aim: a water elemental (almost destroyed, 89% to hit)
The blast of sand hits the water elemental but does no damage.
The water elemental is almost destroyed.
The water elemental hits you!
Ouch! That really hurt!
You die...

▓▓▓▓▓▓▓▓▓▓▓▓▓ ▓▓▓
▓<.#..'...♣.♣♣ ♣.#
▓..#..#......♣ ♣.#
▓#÷####....♣♣♣ ♣♣.#
▓.....#....~.♣♣♣..###
▓†....#...~~♣♣..♣.#..
▓.....#..~~~~♣♣...'.⌠
▓####'#..~≈≈~~~♣..#..
▓...@.#.~~≈~~~....# ⌠
▓..E..#.~≈~~~.....#
▓.÷...#.~~~.......#
▓'#####...........#
▓..E..............#
▓▓▓▓▓▓▓▓▓▓▓▓▓▓▓▓▓▓▓


You could see a water elemental.

Vanquished Creatures
  A human (D)
  A phantom (D)
  4 rats (D)
6 creatures vanquished.

Notes
Turn   | Place    | Note
-------+----------+-------------------------------------------
     0 | D        | Groucho the Spriggan Earth Elementalist began the quest for
                  | the Orb.
     0 | D        | Reached XP level 1. HP: 9/9 MP: 5/5
   377 | D        | Reached XP level 2. HP: 13/13 MP: 0/8
   649 | D        | Noticed a water elemental
   675 | D        | Slain by a water elemental

Illustrated notes

Levels and vault maps discovered:
D:        dungeon_sprint_mu [sprint_mu_entry_forest, sprint_mu_temple_rooms,
          sprint_mu_d1_spiders, sprint_mu_d2_genie, sprint_mu_d3_branching,
          sprint_mu_orc_legion, sprint_mu_elf_gauntlet, sprint_mu_hive_nellie,
          sprint_mu_lair_fedhas, sprint_mu_vaults_butterflies,
          sprint_mu_slime_circle, sprint_mu_swamp_cave, sprint_mu_snake_twists,
          sprint_mu_blade_basic, sprint_mu_crypt_fortress,
          sprint_mu_tomb_spiral, sprint_mu_vestibule_basic,
          sprint_mu_gehenna_hellfire, sprint_mu_dis_giant,
          sprint_mu_tartarus_statrot, sprint_mu_cocytus_islands, sprint_mu_zot1]

Skill      XL: |  1 |
---------------+----+-----
Dodging        | 4 |  4.6
Spellcasting   | 4 |  4.3
Earth Magic    | 4 |  4.6
Stealth        | |  3.0
Transmutations | |  1.3

Action                   || total
-------------------------++-------
 Cast: Sandblast         ||    22
Dodge: Dodged            ||     3
